 Dungeon Crawl Stone Soup version 0.28-a0-1638-g9123634e07 (webtiles) character file.

Game seed: 14945618598369916948

354 YayAnonymity the Chopper (level 6, -2/53 HPs)
             Began as a Gnoll Berserker on Jan 25, 2022.
             Was a Believer of Trog.
             Slain by a killer bee (4 damage)
             ... on level 4 of the Dungeon.
             The game lasted 00:07:15 (3505 turns).

YayAnonymity the Chopper (Gnoll Berserker)          Turns: 3505, Time: 00:07:15

Health: -2/53      AC:  7    Str: 18    XL:     6   Next: 62%
Magic:  9/9        EV: 12    Int:  6    God:    Trog [**....]
Gold:   174        SH:  0    Dex: 12    Spells: 9/9 levels left

rFire   . . .      SeeInvis .   a - +0 hand axe
rCold   . . .      Faith    .   (no shield)
rNeg    . . .      Spirit   .   c - +0 ring mail
rPois   .          Reflect  .   (no helmet)
rElec   .          Harm     .   (no cloak)
rCorr   .          Rampage  .   (no gloves)
Will    ++...                   e - +0 pair of boots
Stlth   +.........              n - amulet of regeneration
HPRegen 1.97/turn               (no ring)
MPRegen 0.11/turn               (no ring)

@: lethally poisoned (-2 -> -2), strong-willed, on berserk cooldown,
regenerating, slowed, very slow
A: fangs 1, strong nose, distributed training
a: Renounce Religion, Berserk, Trog's Hand


You were on level 4 of the Dungeon.
You worshipped Trog.
Trog was pleased with you.
You visited 1 branch of the dungeon, and saw 4 of its levels.

You collected 174 gold pieces.

Inventory:

Hand Weapons
 a - a +0 hand axe (weapon)
Missiles
 j - 45 stones (quivered)
 q - 35 sling bullets
Armour
 c - a +0 ring mail (worn)
 e - a +0 pair of boots (worn)
Jewellery
 n - an amulet of regeneration (around neck)
Wands
 k - a wand of flame (25)
Scrolls
 b - 4 scrolls of identify {unknown}
 f - 2 scrolls of blinking {unknown}
 g - a scroll of silence {unknown}
 h - a scroll of magic mapping {unknown}
 l - 3 scrolls of fog {unknown}
 p - a scroll of teleportation {unknown}
Potions
 d - a potion of might {unknown}
 i - 2 potions of degeneration {unknown}
 m - a potion of lignification {unknown}
 o - a potion of mutation {unknown}


   Skills:
 + Level 6.8 Fighting
 + Level 2.0 Short Blades
 + Level 2.0 Long Blades
 + Level 6.8 Axes
 + Level 2.0 Maces & Flails
 + Level 2.0 Polearms
 + Level 2.0 Staves
 + Level 2.0 Slings
 + Level 2.0 Bows
 + Level 2.0 Crossbows
 + Level 2.0 Throwing
 + Level 5.0 Armour
 + Level 5.0 Dodging
 + Level 2.0 Stealth
 + Level 2.0 Shields
 + Level 2.0 Unarmed Combat
 + Level 2.0 Spellcasting
 + Level 1.6 Conjurations
 + Level 1.6 Hexes
 + Level 1.6 Summonings
 + Level 1.6 Necromancy
 + Level 1.6 Translocations
 + Level 1.6 Transmutations
 + Level 1.6 Fire Magic
 + Level 1.6 Ice Magic
 + Level 1.6 Air Magic
 + Level 1.6 Earth Magic
 + Level 1.6 Poison Magic
 + Level 2.2 Invocations
 + Level 2.0 Evocations


You had 9 spell levels left.
You didn't know any spells.
Your spell library was empty.

Dungeon Overview and Level Annotations

Branches:
Dungeon (4/15)
 Temple: D:4-7

Altars:
Gozag
Wu Jian


Innate Abilities, Weirdness & Mutations

You have very sharp teeth.
Your uncanny sense of smell can sniff out nearby items.
Your experience applies equally to all skills.


Message History

You feel very sick. The killer bee barely misses you. x2
The killer bee stings you but does no damage.
You closely miss the killer bee.
The killer bee is severely wounded.
You feel sick. The killer bee closely misses you. The killer bee stings you.
* * * LOW HITPOINT WARNING * * *
You are more poisoned.
The killer bee poisons you! The killer bee closely misses you.
You miss the killer bee.
The killer bee is severely wounded.
You feel the effects of Trog's Hand fading.
You feel very sick.
The killer bee stings you but does no damage.
The killer bee stings you.
* * * LOW HITPOINT WARNING * * *
The killer bee closely misses you.
You barely miss the killer bee. Your bite misses the killer bee.
The killer bee is severely wounded.
You feel very sick. The killer bee misses you.
The killer bee stings you but does no damage.
The killer bee stings you.
* * * LOW HITPOINT WARNING * * *
You hit the killer bee but do no damage.
The killer bee is severely wounded.
You feel very sick. The killer bee barely misses you.
The killer bee stings you but does no damage.
The killer bee closely misses you.
You miss the killer bee.
The killer bee is heavily wounded.
You feel sick. The killer bee closely misses you.
The killer bee stings you but does no damage. x2
Your skin crawls.
You feel strong-willed.
You feel sick. The killer bee stings you.
* * * LOW HITPOINT WARNING * * *
The killer bee stings you.
You die...

#.# #.# #.######### #.#
#.##......# #.#######
#.##.####'####........
#.##..........########
#####+#+#.##..........'.......
..........##..........########
..........##†..)......#######
..........†.y@........'.....#
.........####...†.....#####.#
#####+#'## #.........# #.#
#......>..# y.# ######+####
...# ...y# $..#y# ....#.#


You could see a killer bee.

Vanquished Creatures
  3 killer bees (D:4)
  A howler monkey (D:4)
  A hound (D:4)
  An iguana (D:4)
  2 gnolls (D:4)
  3 adders (D:2)
  5 worms
  4 ball pythons
  5 endoplasms
  9 giant cockroaches
  10 goblins
  5 hobgoblins
  2 jackals (D:2)
  6 quokkas
  3 bats
  2 frilled lizards
  5 kobolds
  3 rats
70 creatures vanquished.

Vanquished Creatures (others)
  A plant (D:2)
1 creature vanquished.

Grand Total: 71 creatures vanquished

Notes
Turn   | Place    | Note
-------+----------+-------------------------------------------
     0 | D:1      | YayAnonymity the Gnoll Berserker began the quest for the
                  | Orb.
     0 | D:1      | Reached XP level 1. HP: 23/23 MP: 1/1
   333 | D:1      | Reached XP level 2. HP: 29/29 MP: 2/2
  1241 | D:2      | Reached XP level 3. HP: 31/35 MP: 3/3
  1332 | D:2      | Reached ** piety under Trog
  1369 | D:2      | Reached skill level 1 in Invocations
  1404 | D:2      | Reached skill level 1 in Short Blades
  1404 | D:2      | Reached skill level 1 in Long Blades
  1404 | D:2      | Reached skill level 1 in Maces & Flails
  1404 | D:2      | Reached skill level 1 in Polearms
  1404 | D:2      | Reached skill level 1 in Staves
  1404 | D:2      | Reached skill level 1 in Slings
  1404 | D:2      | Reached skill level 1 in Bows
  1404 | D:2      | Reached skill level 1 in Crossbows
  1404 | D:2      | Reached skill level 1 in Throwing
  1404 | D:2      | Reached skill level 1 in Stealth
  1404 | D:2      | Reached skill level 1 in Shields
  1404 | D:2      | Reached skill level 1 in Unarmed Combat
  1404 | D:2      | Reached skill level 1 in Spellcasting
  1404 | D:2      | Reached skill level 1 in Evocations
  1458 | D:2      | Reached XP level 4. HP: 41/41 MP: 5/5
  1820 | D:2      | Reached skill level 1 in Conjurations
  1820 | D:2      | Reached skill level 1 in Hexes
  1820 | D:2      | Reached skill level 1 in Summonings
  1820 | D:2      | Reached skill level 1 in Necromancy
  1820 | D:2      | Reached skill level 1 in Translocations
  1820 | D:2      | Reached skill level 1 in Transmutations
  1820 | D:2      | Reached skill level 1 in Fire Magic
  1820 | D:2      | Reached skill level 1 in Ice Magic
  1820 | D:2      | Reached skill level 1 in Air Magic
  1820 | D:2      | Reached skill level 1 in Earth Magic
  1820 | D:2      | Reached skill level 1 in Poison Magic
  1959 | D:2      | Found a faded altar of an unknown god.
  2467 | D:3      | Found an opulent altar of Gozag.
  2514 | D:3      | Noticed an ogre
  2514 | D:3      | Noticed a scorpion
  3021 | D:4      | Reached XP level 5. HP: 42/47 MP: 5/7
  3083 | D:4      | Found an ornate altar of the Wu Jian Council.
  3476 | D:4      | Reached XP level 6. HP: 53/53 MP: 8/8
  3482 | D:4      | Reached skill level 5 in Armour
  3482 | D:4      | Reached skill level 5 in Dodging
  3505 | D:4      | HP: 2/53 [killer bee (6)]
  3505 | D:4      | Slain by a killer bee

Illustrated notes

Levels and vault maps discovered:
D:1:      minmay_arrival_three_doors, layout_loops_ring,
          serial_co_window_serial, co_window_paths_a, co_window_paths_a,
          co_window_paths_b, co_window_paths_b, co_window_paths_b,
          co_window_paths_a, co_window_paths_b, co_window_2corner,
          co_window_of_opportunity_c, co_window_broadway_c, co_window_2corner,
          co_window_paths_c, co_window_4corner_a, glass_columns_a
D:2:      layout_loops_ring, shapermc_ecumenical_altar_hornbeckon,
          amcnicky_mini_pool_small
D:3:      layout_loops_cross, nicolae_gozag_cash_rules_everything_around_me,
          grunt_ministairs_12, lightli_corner_chamber
D:4:      layout_basic, old_standard_altar

Skill      XL: |  1  2  3  4  5  6 |
---------------+-------------------+-----
Invocations    | 1 2 |  2.2
Short Blades   | 1 2 |  2.0
Long Blades    | 1 2 |  2.0
Maces & Flails | 1 2 |  2.0
Polearms       | 1 2 |  2.0
Staves         | 1 2 |  2.0
Slings         | 1 2 |  2.0
Bows           | 1 2 |  2.0
Crossbows      | 1 2 |  2.0
Throwing       | 1 2 |  2.0
Stealth        | 1 2 |  2.0
Shields        | 1 2 |  2.0
Unarmed Combat | 1 2 |  2.0
Spellcasting   | 1 2 |  2.0
Evocations     | 1 2 |  2.0
Conjurations   | 1 |  1.6
Hexes          | 1 |  1.6
Summonings     | 1 |  1.6
Necromancy     | 1 |  1.6
Translocations | 1 |  1.6
Transmutations | 1 |  1.6
Fire Magic     | 1 |  1.6
Ice Magic      | 1 |  1.6
Air Magic      | 1 |  1.6
Earth Magic    | 1 |  1.6
Poison Magic   | 1 |  1.6
Armour         | 5 |  5.0
Dodging        | 5 |  5.0
Fighting       | |  6.8
Axes           | |  6.8

Action                   |  1- 3 |  4- 6 || total
-------------------------+-------+-------++-------
Melee: Hand axe          |    93 |   148 ||   241
       Bite              |     6 |     5 ||    11
       Punch             |       |     2 ||     2
Invok: Berserk           |     1 |     4 ||     5
       Trog's Hand       |       |     2 ||     2
Armor: Ring mail         |    28 |    43 ||    71
       Animal skin       |     1 |       ||     1
Dodge: Dodged            |    41 |   108 ||   149

Table legend: (Time is in decaauts)
 A = Elapsed time spent in this place.
 B = Non-inter-level travel time spent in this place.
 C = Inter-level travel time spent in this place.
 D = Time resting spent in this place.
 E = Time spent auto-exploring this place.
 F = Levels seen in this place.
 G = Mean time per level.
                   A        B        C        D        E       F      G
               +--------+--------+--------+--------+--------+-----+--------+
         Total |   3550 |   3348 |    202 |    240 |   2135 |   4 |  887.5 |
       Dungeon |   3550 |   3348 |    202 |    240 |   2135 |   4 |  887.5 |
               +--------+--------+--------+--------+--------+-----+--------+

Top non-repeatable levels by time:
     D:1: 1233 daAuts
     D:2: 1155 daAuts
     D:3: 654 daAuts
     D:4: 507 daAuts
